Description

dsf

Build Order

Get SALT Encoding   

  14  0:17  Supply Depot  
  15  0:32  Refinery  
  16  0:50  Barracks  
  17  1:30  Orbital Command, Barracks Reactor  
  19  1:44  Command Center  
  20  2:00  Factory  
  21  2:01  Supply Depot  
  22  2:20  Refinery  factory 50%
  23  2:50  Starport  
  23  2:51  Factory Tech Lab  
  24  3:00  Supply Depot, Orbital Command  10 saturation on second, chain depots
  26  4:00  Barracks x2  
  50  4:01  Starport Reactor  
  50  4:02  Refinery x2  
  50  4:30  Barracks Tech Lab x2, Engineering Bay, Barracks x2  
  50  5:00  Barracks Reactor x2  
Spawning Tool Build Advisor. Get it on Overwolf

Go to:

Details

  • Created by: captainfox1987
  • Published on: Feb 20, 2020
  • Modified on: Feb 28, 2020
  • Patch: 4.11.0
Show
View Real Time Build Order
Export as new Build Order

Comments (0)

There are no comments. Be the first!

Create an account to comment!